 Dungeon Crawl Stone Soup version 0.14-a0-102-g2341383 (console) character file.

181 Kellhus the Ruinous (level 4, 18/22 HPs)
             Began as a Gargoyle Wizard on Oct 2, 2013.
             Quit the game on Level 4 of the Dungeon.
             The game lasted 00:03:48 (2044 turns).

Kellhus the Ruinous (Gargoyle Wizard)               Turns: 2044, Time: 00:03:48

HP  18/22        AC  5     Str 11      XL: 4   Next: 34%
MP   0/11        EV 12     Int 19      God:
Gold 104         SH  0     Dex  8      Spells:  1 memorised,  8 levels left

Res.Fire  : . . .   See Invis. : .   (no weapon)
Res.Cold  : . . .   Warding    : .   a - +0 robe
Life Prot.: + . .   Conserve   : .   (no shield)
Res.Poison: +       Res.Corr.  : .   b - +0 wizard hat
Res.Elec. : +       Clarity    : .   (no cloak)
Sust.Abil.: . .     Spirit.Shd : .   (no gloves)
Res.Mut.  : .       Stasis     : .   (no boots)
Res.Rott. : +       Flight     : .   (no amulet)
Saprovore : . . .                    p - +7,+5 ring of slaying {unknown}
                                     f - +1 ring of evasion

@: very slightly contaminated, slightly resistant to hostile enchantments,
unstealthy
A: fangs 1, talons 2, life protection 1, electricity resistance, slow metabolism
1, unbreathing, petrification resistance, AC +3
a: no special abilities


You were on level 4 of the Dungeon.
You were not hungry.

You visited 1 branch of the dungeon, and saw 4 of its levels.

You collected 84 gold pieces.

Inventory:

Hand weapons
 q - a +0 blowgun
Missiles
 j - 14 poisoned needles
Armour
 a - a +0 robe (worn)
 b - a +0 wizard hat (worn)
Comestibles
 d - 2 bread rations
 g - a meat ration
Scrolls
 e - 6 scrolls of identify {unknown}
 h - 3 scrolls of curse weapon {unknown}
 i - 2 scrolls of remove curse {unknown}
 m - a scroll of curse jewellery {unknown}
 n - 2 scrolls of fear {unknown}
 r - a scroll of amnesia {unknown}
Jewellery
 f - a +1 ring of evasion (left hand)
 p - a +7,+5 ring of slaying (right hand) {unknown}
Potions
 k - a potion of resistance {unknown}
 l - a potion of invisibility {unknown}
 o - 3 potions of curing {unknown}
Books
 c - a book of Minor Magic

   Spells                             Type                      Level
   *Magic Dart                        Conjuration                  1
   Blink                              Translocation                2
   Call Imp                           Summoning                    2
   Repel Missiles                     Charms/Air                   2
   Slow                               Hexes                        2
   Conjure Flame                      Conjuration/Fire             3
   Mephitic Cloud                     Conjuration/Poison/Air       3


   Skills:
 - Level 1.5 Dodging
 - Level 2.1 Stealth
 - Level 3.0 Spellcasting
 + Level 4.4 Conjurations
   Level 0.8 Summonings
   Level 0.8 Translocations


You had 8 spell levels left.
You knew the following spells:

 Your Spells              Type           Power        Failure   Level  Hunger
a - Magic Dart            Conj           ###.         2%          1    None


Dungeon Overview and Level Annotations

Branches:
Dungeon (4/27)
 Temple: D:4-7

Altars:
Sif Muna
Yredelemnul
the Shining One

Annotations:
D:2 Sigmund


Innate Abilities, Weirdness & Mutations

You are resistant to torment.
You are immune to poison.
Your stone body is very resilient (AC +3).
You have very sharp teeth.
You have razor-sharp toenails.
You resist negative energy.
You are resistant to electric shocks.
You have a slow metabolism.
You can survive without breathing.
You are immune to petrification.


Message History

Aiming: Magic Dart
Press: ? - help, Shift-Dir - straight line, f - hound
Aim: a hound The magic dart hits the hound.
The hound is lightly wounded.
The hound barely misses you.
You miss the hound. You bite the hound.
The hound is heavily wounded.
The hound bites you but does no damage.
You closely miss the hound. Your kick misses the hound.
The hound is heavily wounded.
The hound bites you but does no damage.
You punch the hound!
The hound is almost dead.
The hound misses you. The hound bites you.
You hit the hound.
You kill the hound!
Your Conjurations skill increases to level 4!
You have reached level 4!
You feel stronger.
Are you sure you want to abandon this character and quit the game? (Confirm with "yes".)

#. #...#...#
#.##...#.### #.#......#
#.#....#.# .
#.#....#)###.#####
.....##.#.####<.........
.............#.###.#####
.....##.#.##.#.#
............#@#
...##.#%...### ...
.......... #
.##..#...### # ##. ....
#. ..... #< .##. # .


There were no monsters in sight!

Vanquished Creatures
  A hound (D:4)
  An adder (D:2)
  An ooze (D:2)
  An orc (D:4)
  6 bats
  2 giant cockroaches (D:1)
  6 goblins
  A hobgoblin (D:1)
  2 quokkas
  A ball python (D:1)
  3 giant newts
  9 kobolds
  3 rats
37 creatures vanquished.

Notes
Turn   | Place    | Note
--------------------------------------------------------------
     0 | D:1      | Kellhus, the Gargoyle Wizard, began the quest for the Orb.
     0 | D:1      | Reached XP level 1. HP: 8/8 MP: 5/5
   109 | D:1      | Found a glowing golden altar of the Shining One.
   178 | D:1      | Reached XP level 2. HP: 13/13 MP: 5/7
   893 | D:2      | Noticed Sigmund
  1014 | D:2      | Found a basalt altar of Yredelemnul.
  1084 | D:2      | Reached XP level 3. HP: 17/17 MP: 3/9
  1154 | D:2      | Found a deep blue altar of Sif Muna.
  2043 | D:4      | Reached skill level 4 in Conjurations
  2043 | D:4      | Reached XP level 4. HP: 18/22 MP: 0/11
  2044 | D:4      | Quit the game

Action                   |  1- 3 |  4- 6 || total
-------------------------+-------+-------++-------
Melee: Unarmed           |     4 |       ||     4
 Cast: Magic Dart        |    74 |       ||    74
